cohdb
Replays
Latest Replays
All Replays
Popular Replays
Top Player Replays
Match Explorer
How It Works
Community
CoH3 Stats
Reddit
Sign in to upload your games and track your stats! →
Sign in with Steam
Match 43709704
Unlisted
Match 43709704
Overview
Messages
Build Orders
End
Royal Engineer Section
Construct Section Command Post
Selects Indian Artillery Battlegroup
Infantry Section
Infantry Section
Infantry Section
Construct Platoon Command Post
Grenade Package
Selects Valour
Humber Armored Car
Construct Field Infirmary
Infantry Training
Royal Engineer Section
6-pounder Anti-tank Gun Team
Construct Company Command Post
6-pounder Anti-tank Gun Team
Selects Gurkha Rifles Section
Selects Volunteer Infantry
Selects Artillery Saturation
Unlock M3 Grant Medium Tanks
Infantry Section
M3 Grant Medium Tank
Armored Vehicle Training
M3 Grant Medium Tank
Royal Engineer Section
Team Weapon Training
M3 Grant Medium Tank
Royal Engineer Section
Selects Off-map Airburst Barrage
Selects Perimeter Monitor
M3 Grant Medium Tank
Off-map Airburst Barrage
Royal Engineer Section
Off-map Airburst Barrage
M3 Grant Medium Tank
Infantry Section
Off-map Airburst Barrage
Off-map Airburst Barrage
Perimeter Monitor
Off-map Airburst Barrage
Slimey1
Willaguy
0
0
Comments
sign in to comment!
No comments posted yet!